Map: Efflorescence LE

Players

Shuriken - Winner!

  • Race: Terran Terran
  • Spawn Location: 6:00

Hian - Winner!

  • Race: Protoss Protoss
  • Spawn Location: 9:00

strats

  • Race: Terran Terran
  • Spawn Location: 3:00

Sarge

  • Race: Terran Terran
  • Spawn Location: 12:00

VOD

Have the link to the VOD?

Description

Terran vs X

Time

  • Played on: Aug. 19, 2019, 8:16 p.m.
  • Length: 15:52
Show
View Real Time Build Order
Export as new Build Order

Shuriken Terran - Winner!

Build Orders:  

Get SALT Encoding   

  12  0:01  SCV  
  13  0:15  Supply Depot  
  13  0:18  SCV  
  14  0:29  Refinery  
  14  0:30  SCV  
  15  0:44  Barracks  
  15  0:48  SCV  
  16  1:00  SCV  
  16  1:03  Refinery  
  17  1:12  SCV  
  18  1:24  SCV  
  19  1:33  Factory  
  19  1:36  SCV, Barracks Tech Lab  
  20  1:46  Supply Depot  
  20  1:52  SCV  
  21  1:58  Marine  
  22  2:04  SCV  
  23  2:12  Stimpack  
  23  2:17  Orbital Command  
  23  2:34  Marine  
  24  2:37  Factory Reactor  
  24  3:15  Hellion x2  
  28  3:20  Command Center  
  28  3:23  Marine  
  29  3:36  Hellion  
  31  3:45  Marine  
  31  4:03  Supply Depot  
  31  4:21  Combat Shield  
  31  4:25  Hellion x2  
  31  4:26  Supply Depot  
  35  4:46  Hellion x2  
  39  5:08  Hellion x2  
  43  5:53  Orbital Command  
  43  6:03  SCV  
  44  6:05  Marine x2  
  44  6:11  Starport  
  46  6:15  SCV  
  46  6:16  Siege Tank  
  50  6:22  SCV  
  50  6:23  Marine x2  
  53  6:27  SCV  
  53  6:31  Supply Depot  
  54  6:34  SCV  
  55  6:41  Marine x2  
  55  6:43  Refinery  
  55  6:46  SCV  
  58  6:48  Siege Tank  
  58  6:50  Starport Reactor  
  61  6:58  SCV  
  61  6:59  Marine x2  
  64  7:01  Supply Depot  
  64  7:12  Supply Depot  
  64  7:35  Supply Depot  
  64  7:38  SCV  
  64  7:40  SCV  
  66  7:45  Siege Tank  
  66  7:47  Viking  
  66  7:48  Viking  
  66  7:50  SCV, Marine x2  
  76  7:52  SCV  
  77  8:07  Marine  
  77  8:08  Supply Depot, Marine  
  79  8:17  Viking, Siege Tank  
  79  8:18  Viking  
  86  8:25  Marine  
  86  8:26  Marine  
  88  8:32  Supply Depot  
  88  8:43  Marine  
  88  8:44  Marine  
  88  8:47  Viking  
  88  8:48  Viking  
  94  8:51  SCV  
  94  8:54  Refinery  
  95  8:58  Barracks  
  95  9:01  Marine x2  
  97  9:03  SCV  
  98  9:17  Viking  
  98  9:18  Viking  
  98  9:19  Marine x2  
  104  9:36  Marine  
  104  9:37  Marine  
  106  9:46  Barracks Reactor  
  106  9:53  Fusion Core  
  106  9:54  Marine  
  106  9:55  Marine  
  108  10:12  Command Center  
  108  10:17  Marine x2  
  110  10:29  Supply Depot  
  110  10:44  Marine x4, Viking x2  
  118  10:52  Supply Depot  
  118  11:01  Marine x4  
  122  11:15  Supply Depot  
  122  11:19  Marine x4  
  125  11:37  SCV, Supply Depot, Marine x2  
  128  11:42  Marine x2  
  128  11:47  Battlecruiser  
  136  11:49  SCV  
  137  11:55  Marine x2  
  137  11:57  Starport, Weapon Refit  
  137  12:00  Marine x2  
  141  12:02  Armory  
  141  12:13  Marine x2  
  143  12:20  Starport  
  143  12:27  Marine x2  
  145  12:31  Marine x2  
  145  12:36  Starport Tech Lab  
  147  12:48  Marine x2  
  147  12:50  Armory  
  147  12:51  Battlecruiser  
  155  13:01  Orbital Command  
  155  13:17  Battlecruiser  
  161  13:28  Terran Ship Weapons Level 1  
  161  13:52  Viking  
  161  13:53  Viking  
  161  13:54  Marine  
  161  13:55  Battlecruiser, Marine  
  173  13:58  Marine x2  
  175  14:12  Marine x2  
  175  14:16  Marine x2  
  179  14:21  Battlecruiser  
  185  14:31  Refinery  
  185  14:34  Refinery  
  191  15:14  Marine x2  
Show
View Real Time Build Order
Export as new Build Order

Hian Protoss - Winner!

Build Orders: Carriers, Dark Templar Rush 

Get SALT Encoding   

  12  0:01  Probe  
  13  0:14  Probe  
  14  0:25  Pylon  
  14  0:26  Probe  
  15  0:30  Assimilator  
  15  0:41  Probe  
  15  0:46  Forge  
  16  0:50  Probe  
  17  0:58  Probe  
  18  1:09  Probe  
  19  1:11  Gateway  
  19  1:18  Assimilator  
  19  1:21  Probe  
  20  1:33  Probe  
  21  1:42  Probe  
  22  1:50  Probe  
  22  2:00  Cybernetics Core  
  23  2:07  Pylon  
  23  2:21  Photon Cannon  
  23  2:25  Probe  
  24  2:30  Warp Gate  
  24  2:36  Photon Cannon  
  25  2:37  Probe  
  25  2:45  Twilight Council  
  25  2:49  Probe  
  26  2:54  Pylon  
  26  3:01  Probe  
  27  3:09  Pylon  
  27  3:13  Probe  
  28  3:21  Photon Cannon  
  28  3:25  Probe, Dark Shrine  
  27  3:41  Stalker  
  29  3:51  Photon Cannon  
  29  3:55  Gateway  
  29  4:01  Robotics Facility  
  28  4:14  Photon Cannon  
  28  4:21  Probe  
  28  4:29  Probe  
  30  4:39  Probe  
  31  4:46  Nexus  
  31  4:50  Pylon  
  31  4:59  Warp Prism  
  31  5:11  Dark Templar  
  33  5:20  Stalker  
  35  5:27  Photon Cannon  
  34  5:28  Observer  
  35  5:52  Pylon  
  35  5:55  Gateway  
  35  5:56  Dark Templar  
  37  6:00  Pylon  
  37  6:07  Dark Templar, Probe  
  40  6:15  Probe  
  40  6:24  Probe  
  41  6:26  Photon Cannon  
  42  6:37  Probe  
  37  7:32  Probe  
  37  7:35  Assimilator  
  38  7:40  Assimilator  
  38  7:44  Probe  
  39  7:53  Protoss Air Weapons Level 1  
  39  7:56  Probe  
  39  7:58  Probe  
  39  8:06  Probe  
  39  8:07  Stargate, Probe  
  39  8:09  Pylon  
  39  8:10  Pylon  
  41  8:15  Protoss Shields Level 1, Probe  
  41  8:16  Probe  
  43  8:23  Probe  
  43  8:30  Probe  
  43  8:31  Probe  
  45  8:34  Pylon  
  45  8:36  Stargate  
  45  8:39  Stargate  
  46  8:42  Stargate  
  46  8:43  Probe  
  47  8:55  Fleet Beacon, Probe  
  47  8:56  Pylon  
  48  9:08  Probe  
  49  9:20  Probe  
  50  9:28  Carrier  
  50  9:38  Carrier x2  
  68  9:58  Pylon  
  68  9:59  Carrier  
  74  10:02  Protoss Air Armor Level 1  
  74  10:18  Nexus  
  74  10:21  Mothership  
  74  10:28  Nexus  
  83  10:42  Observer  
  81  11:25  Carrier  
  87  11:28  Nexus  
  87  11:52  Carrier x2  
  87  11:54  Protoss Air Weapons Level 2  
  99  11:56  Pylon  
  99  11:57  Probe  
  99  11:58  Assimilator  
  100  12:05  Probe  
  100  12:15  Probe  
  101  12:17  Carrier  
  108  12:27  Probe  
  109  12:39  Probe  
  108  12:50  Probe  
  108  12:58  Probe x2  
  109  13:01  Nexus  
  111  13:06  Probe x2  
  111  13:11  Assimilator  
  113  13:15  Probe  
  113  13:16  Assimilator  
  113  13:18  Probe  
  115  13:25  Carrier x2  
  127  13:28  Probe  
  127  13:30  Dark Templar, Probe  
  131  13:40  Probe  
  123  14:12  Probe  
  124  14:17  Nexus  
  124  14:20  Probe  
  124  14:21  Probe  
  124  14:29  Probe  
  124  14:30  Probe  
  124  14:31  Assimilator  
  128  14:39  Probe  
  128  14:42  Carrier x2, Probe  
  128  14:43  Carrier  
  148  14:50  Dark Templar  
  148  14:51  Probe  
  151  14:54  Probe  
  152  15:02  Photon Cannon  
  152  15:03  Probe  
  152  15:06  Probe  
  154  15:17  Assimilator  
  154  15:21  Assimilator  
Show
View Real Time Build Order
Export as new Build Order

strats Terran 

Build Orders: Liberator Opening 

Get SALT Encoding   

  12  0:02  SCV  
  13  0:32  Supply Depot  
  13  0:38  SCV  
  14  0:50  SCV  
  14  0:55  Refinery  
  15  0:58  Barracks  
  15  1:02  SCV  
  16  1:14  SCV  
  17  1:26  SCV  
  18  1:36  Engineering Bay  
  18  1:38  SCV  
  19  1:50  SCV, Supply Depot  
  20  1:58  Reaper  
  21  2:03  SCV  
  22  2:15  SCV  
  23  2:19  Factory  
  23  2:27  SCV  
  24  2:30  Marine  
  25  2:39  SCV  
  25  2:44  Refinery  
  26  2:48  Marine  
  27  2:57  Command Center  
  27  3:05  Marine  
  28  3:17  Factory Tech Lab  
  28  3:21  Starport  
  28  3:23  Marine  
  29  3:38  Terran Infantry Weapons Level 1  
  29  3:41  Marine  
  29  3:45  Orbital Command  
  30  3:50  Supply Depot  
  30  3:55  Liberator  
  30  3:59  Marine  
  34  4:17  Supply Depot, Marine  
  35  4:32  SCV  
  35  4:34  SCV  
  37  4:44  SCV  
  37  4:46  SCV  
  38  4:55  Marine  
  38  4:56  SCV  
  38  4:57  Hellion  
  38  4:58  SCV  
  42  5:06  Supply Depot  
  42  5:08  SCV  
  42  5:10  SCV  
  42  5:12  Marine  
  45  5:19  Hellion  
  45  5:20  SCV  
  48  5:22  SCV  
  48  5:25  Liberator  
  49  5:40  Hellion  
  54  5:45  Supply Depot  
  54  5:52  Terran Infantry Armor Level 1  
  54  6:08  Supply Depot  
  54  6:09  Marine  
  58  6:26  Widow Mine, Marine  
  58  6:40  Banshee  
  58  6:44  Marine  
  62  6:47  Widow Mine  
  64  7:02  Marine  
  65  7:10  Missile Turret  
  65  7:20  Marine  
  66  7:23  Banshee  
  67  7:43  SCV, Refinery  
  68  7:48  Refinery  
  68  7:51  Factory Tech Lab  
  68  7:55  SCV  
  69  8:06  Missile Turret  
  69  8:07  SCV  
  69  8:08  Missile Turret  
  70  8:19  SCV  
  71  8:23  Liberator  
  71  8:31  SCV  
  75  8:44  Siege Tank  
  78  8:51  Cloaking Field  
  78  8:55  Infernal Pre-Igniter  
  78  9:06  Liberator  
  78  9:13  Starport  
  78  9:16  Siege Tank  
  81  9:21  Factory  
  84  9:25  SCV  
  85  9:51  Supply Depot  
  85  9:53  Supply Depot  
  85  9:55  Supply Depot, Liberator  
  85  10:03  Liberator  
  85  10:12  Siege Tank  
  91  10:19  Supply Depot  
  94  10:26  Factory Tech Lab  
  94  10:45  Hellion  
  94  10:46  Liberator  
  96  10:58  Sensor Tower  
  96  11:03  Command Center  
  99  11:06  Hellion  
  92  11:49  SCV  
  93  11:55  SCV  
  93  12:01  SCV  
  95  12:08  SCV, Liberator  
  96  12:13  SCV  
  97  12:20  SCV  
  97  12:22  Cyclone  
  101  12:25  SCV  
  105  12:32  SCV  
  105  12:35  Fusion Core  
  106  12:37  SCV  
  106  12:39  Marine  
  109  12:44  SCV  
  109  12:51  Liberator  
  109  12:54  Cyclone  
  109  12:55  Missile Turret  
  109  12:57  Marine  
  116  13:14  Marine  
  116  13:15  Hellion  
  116  13:18  Missile Turret  
  119  13:24  SCV  
  119  13:26  Cyclone  
  123  13:32  Marine  
  123  13:34  Liberator  
  124  13:36  SCV, Siege Tank  
  129  13:48  SCV  
  129  13:50  Marine  
  129  14:00  SCV  
  130  14:02  Mag-Field Accelerator  
  130  14:07  Weapon Refit  
  130  14:08  Siege Tank  
  133  14:18  Supply Depot  
  133  14:28  Supply Depot  
  133  14:40  SCV, Battlecruiser  
  133  14:43  Supply Depot  
  140  14:50  Siege Tank  
  143  15:03  SCV  
  144  15:15  SCV  
  145  15:27  SCV  
Show
View Real Time Build Order
Export as new Build Order

Sarge Terran 

Build Orders:  

Get SALT Encoding   

  12  0:10  SCV  
  13  0:19  Supply Depot  
  13  0:22  SCV  
  13  0:25  Refinery  
  14  0:34  SCV  
  15  0:45  Barracks  
  15  0:50  SCV  
  16  1:04  Refinery  
  16  1:10  Supply Depot  
  16  1:11  SCV  
  17  1:26  Barracks  
  17  1:30  SCV  
  18  1:39  Reaper  
  19  1:42  SCV  
  20  1:52  Supply Depot  
  20  1:56  SCV  
  21  2:09  Orbital Command  
  21  2:11  Reaper  
  21  2:15  Reaper  
  23  2:39  SCV  
  23  2:42  Factory  
  23  2:43  Reaper  
  25  2:47  Reaper  
  25  3:19  Reaper x2  
  26  3:51  Reaper x2  
  28  4:23  Marine x2  
  30  4:24  Factory Tech Lab  
  30  4:28  Starport  
  30  4:32  Supply Depot  
  30  4:39  Command Center  
  30  4:40  Marine  
  30  4:41  Marine  
  32  4:55  Supply Depot  
  32  4:58  Marine  
  32  4:59  Marine  
  34  5:16  Marine  
  30  5:30  Barracks Reactor  
  30  5:32  Starport Reactor  
  30  5:38  Barracks  
  30  5:45  Siege Tank  
  33  5:55  Barracks Tech Lab  
  33  6:00  SCV  
  34  6:06  Marine x2  
  34  6:11  Engineering Bay  
  36  6:12  SCV  
  36  6:15  Engineering Bay  
  36  6:17  Siege Tank  
  36  6:18  Medivac x2  
  44  6:24  Marine x2  
  48  6:25  Marauder  
  48  6:41  Marine  
  48  6:42  SCV  
  50  6:47  Medivac  
  50  6:48  Medivac  
  50  6:51  Missile Turret  
  50  6:54  SCV, Terran Infantry Weapons Level 1  
  41  7:52  Medivac  
  41  7:53  Medivac  
  41  7:55  Marine x4  
  46  8:13  Marine x3  
  49  8:21  Concussive Shells  
  49  8:32  Missile Turret  
  49  8:45  Barracks Reactor  
  49  8:52  Missile Turret  
  49  8:56  Marine x3  
  52  9:07  SCV  
  53  9:15  Marauder  
  53  9:16  Marine  
  56  9:19  SCV  
  57  9:36  Marine x4  
  63  9:42  Stimpack  
  61  9:51  Missile Turret  
  61  10:05  Marauder, Marine x2  
  61  10:06  Marine  
  66  10:08  Marine  
  66  10:12  Missile Turret, SCV  
  68  10:24  SCV  
  69  10:34  Marauder, Marine x3  
  74  10:40  SCV  
  75  10:47  Missile Turret  
  75  10:52  SCV  
  76  11:01  Marine  
  76  11:02  Marine  
  78  11:44  Marine x2  
  78  11:53  Marine x3  
  81  11:58  Terran Infantry Armor Level 1, Supply Depot x2  
  81  12:00  SCV  
  82  12:01  Marine  
  82  12:05  Medivac  
  85  12:12  SCV  
  86  12:19  Medivac  
  86  12:22  Supply Depot  
  88  12:25  SCV, Supply Depot  
  88  12:53  Marine  
  88  12:54  Marine x3  
  92  12:59  SCV, Command Center  
  93  13:11  SCV  
  94  13:23  SCV  
  94  13:25  Marine x4  
  99  13:35  SCV  
  100  13:47  SCV  
  101  14:00  SCV  
  101  14:01  Missile Turret  
  102  14:06  Refinery  
  102  14:09  Marine x5  
  106  14:10  Refinery  
  106  14:12  SCV  
  108  14:18  Engineering Bay  
  108  14:22  Missile Turret  
  108  14:27  Marine x2  
  108  14:28  Hi-Sec Auto Tracking  
  110  14:34  Armory  
  110  14:37  Medivac x2  
  114  15:00  Missile Turret  
  114  15:02  SCV  
  115  15:07  SCV  
  116  15:14  SCV  
  116  15:19  SCV  
  116  15:20  Missile Turret  
  118  15:26  SCV  
  118  15:31  SCV  
  94  15:38  SCV  
  51  15:43  Missile Turret  
Tags
 
Add a new tag
Caveats
  • Supply blocks, unpowered buildings, or Contaminate may cause inaccurate times.
  • Supply counts are checked every 10 seconds.